 Dungeon Crawl Stone Soup version 0.30-a0-465-g8901f6c8b5 (webtiles) character file.

Game seed: 3660311929633251254

4 Conn the Firebug (level 1, 0/11 HPs)
             Began as an Octopode Fire Elementalist on Dec 18, 2022.
             Slain by a hobgoblin (2 damage)
             ... on level 1 of the Dungeon.
             The game lasted 00:00:43 (45 turns).

Conn the Firebug (Octopode Fire Elementalist)         Turns: 45, Time: 00:00:43

Health: 0/11       AC:  1    Str:  7    XL:     1   Next: 60%
Magic:  0/3        EV: 13    Int: 17    God:
Gold:   0          SH:  0    Dex: 12    Spells: 3/4 levels left

rFire   + . .      SeeInvis .    (no weapon)
rCold   x . .      Faith    .    (no shield)
rNeg    . . .      Spirit   .    (helmet restricted)
rPois   .          Reflect  .    (no amulet)
rElec   .          Harm     .    c - ring of fire
rCorr   .          Rampage  .    (no ring)
Will    .....                    (no ring)
Stlth   +++.......               (no ring)
HPRegen 0.21/turn                (no ring)
MPRegen 0.08/turn                (no ring)
                                 (no ring)
                                 (no ring)

@: no status effects
A: almost no armour, amphibious, 8 rings, camouflage 1, gelatinous body 1,
(nimble swimmer 1), tentacles
a: no special abilities


You were on level 1 of the Dungeon.
You visited 1 branch of the dungeon, and saw 1 of its levels.

Inventory:

Jewellery
 c - a ring of fire (left tentacle)
Potions
 a - a potion of magic


   Skills:
 + Level 2.0 Dodging
 + Level 2.6 Stealth
 + Level 2.1 Spellcasting
 + Level 1.0 Conjurations
 + Level 3.2 Fire Magic


You had 3 spell levels left.
You knew the following spells:

 Your Spells              Type           Power      Damage    Failure   Level
a - Foxfire               Conj/Fire      52%        2x1d6     9%          1

Your spell library contained the following spells:

 Spells                   Type           Power      Damage    Failure   Level
 Scorch                   Fire           38%        2d6       8%          2
 Inner Flame              Hex/Fire       10%        N/A       30%         3
 Kindle Blastsparks       Fire/Tloc/Air  16%        2d11      36%         3
 Flame Wave               Conj/Fire      13%        2d6       63%         4


Dungeon Overview and Level Annotations

Branches:
Dungeon (1/15)

Altars:


Innate Abilities, Weirdness & Mutations

You cannot wear most types of armour.
You are amphibious.
You can wear up to eight rings at the same time.
Your skin changes colour to match your surroundings (Stealth+).
Your rubbery body absorbs attacks. (AC +1, EV +1)
((You are camouflaged when in or above water. (Stealth+)))
You have tentacles for arms and can constrict up to eight enemies at once.


Message History

The giant cockroach barely misses you.
The endoplasm quivers.
Unknown command.
Your foxfire dissipates!
The giant cockroach attacks as you move away!
The giant cockroach bites you.
The giant cockroach attacks as you move away!
The giant cockroach closely misses you. The giant cockroach bites you.
The giant cockroach attacks as you move away!
The giant cockroach bites you.
Casting: Foxfire (safe; 9% risk of failure)
Confirm with . or Enter, or press ? or * to list all spells.
You feel a surge of power!
You conjure some foxfire!
The giant cockroach barely misses you.
Unknown command.
You tentacle-slap the giant cockroach but do no damage.
Your grab misses the giant cockroach.
The foxfire hits the giant cockroach but does no damage.
The foxfire hits the giant cockroach.
You kill the giant cockroach!
Unknown command.
Casting: Foxfire (safe; 9% risk of failure)
Confirm with . or Enter, or press ? or * to list all spells.
You feel a surge of power!
You conjure some foxfire!
The endoplasm freezes you.
You are frozen.
You feel a terrible chill!
Ouch! That really hurt!
* * * LOW HITPOINT WARNING * * *
Okay, then.
You tentacle-slap the endoplasm but do no damage.
Your squeeze misses the endoplasm.
The foxfire hits the endoplasm.
The endoplasm is severely wounded.
The foxfire hits the endoplasm.
You kill the endoplasm!
Okay, then.
As you read the scroll labelled MYOVVI TUOFUX, it crumbles to dust.
It is a scroll of brand weapon.
You aren't carrying any weapons that can be branded.
The hobgoblin hits you.
You die...

####..##
#..........#
.....##
#>.........#
##....###
#......?...#
####...# #.#
###.## #.#
#..## #.#
##..#### #.#
##..†.###g#
####....@#
#####§##
#..# #...#
#.#...
#.##### #.
#. #.


You could see a hobgoblin.

Vanquished Creatures
  An endoplasm (D:1)
  A giant cockroach (D:1)
  A bat (D:1)
  A frilled lizard (D:1)
4 creatures vanquished.

Vanquished Creatures (others)
  5 foxfires (D:1)
5 creatures vanquished.

Grand Total: 9 creatures vanquished

Notes
Turn   | Place    | Note
-------+----------+-------------------------------------------
     0 | D:1      | Conn the Octopode Fire Elementalist began the quest for the
                  | Orb.
     0 | D:1      | Reached XP level 1. HP: 11/11 MP: 3/3
    45 | D:1      | Slain by a hobgoblin

Illustrated notes

Levels and vault maps discovered:
D:1:      scummos_arrival_hexagon, layout_rooms

Action                   || total
-------------------------++-------
Melee: Unarmed           ||     2
 Cast: Foxfire           ||     4
  Use: Scroll            ||     1
Dodge: Dodged            ||     3

Table legend: (Time is in decaauts)
 A = Elapsed time spent in this place.
 B = Non-inter-level travel time spent in this place.
 C = Inter-level travel time spent in this place.
 D = Time resting spent in this place.
 E = Time spent auto-exploring this place.
 F = Levels seen in this place.
 G = Mean time per level.
                   A        B        C        D        E       F      G
               +--------+--------+--------+--------+--------+-----+--------+
         Total |     44 |     44 |      0 |      0 |      4 |   1 |   44.0 |
       Dungeon |     44 |     44 |      0 |      0 |      4 |   1 |   44.0 |
               +--------+--------+--------+--------+--------+-----+--------+

Top non-repeatable levels by time:
     D:1: 44 daAuts
